 Dungeon Sprint DCSS version 0.27-a0-1245-g940ed4fa31 (webtiles) character file.

Game seed: 4622413935835684790

2293 mhtbhm the Ripper (level 9, 0/44 HPs)
             Began as a Felid Transmuter on June 9, 2021.
             Was an Elder of Makhleb.
             Slain by a boulder beetle (44 damage)
             ... in the Dungeon (Sprint IX: "|||||||||||||||||||||||||||||").
             The game lasted 00:02:57 (1734 turns).

mhtbhm the Ripper (Felid Transmuter)                Turns: 1734, Time: 00:02:58

Health: 0/44       AC:  8    Str: 12    XL:     9   Next: 17%
Magic:  17/23      EV: 17    Int: 15    God:    Makhleb [****..]
Gold:   0          SH:  5    Dex: 16    Spells: 16/26 levels left
                                        Lives:  0   Deaths: 2

rFire    x . .     SeeInvis +     - Unarmed
rCold    + + +     Faith    .   (shield unavailable)
rNeg     . . .     Spirit   .   (armour unavailable)
rPois    +         Reflect  +   (helmet unavailable)
rElec    .         Harm     .   (cloak unavailable)
rCorr    .         Rampage  .   (gloves unavailable)
Will     +....     NoTele   +   (boots unavailable)
Stlth    ++++......             c - amulet of reflection
HPRegen  0.14/turn              i - +2 ring of evasion
MPRegen  0.18/turn              j - +3 ring of strength

@: ice-form, wereblooded
A: freezing attack, amphibious, boosted hp, large, (claws 1), (fangs 3), see
invisible, (speed 1), (shaggy fur 2), (stealthy paws), no weapons or thrown
items, no armour, multi-lived
a: End Transformation, Renounce Religion, Minor Destruction, Lesser Servant of
Makhleb, Major Destruction


You were in the Dungeon.
You worshipped Makhleb.
Makhleb was greatly pleased with you.
You were a creature of crystalline ice.
You visited 1 branch

Inventory:

Jewellery
 c - an amulet of reflection (around neck)
 i - a +2 ring of evasion (left front paw)
 j - a +3 ring of strength (right front paw)
Wands
 h - a wand of acid (5)
 k - a wand of flame (21)
Scrolls
 f - 2 scrolls of amnesia
 g - 2 scrolls of blinking
 q - 2 scrolls of identify
 r - a scroll of fear
Potions
 a - a potion of invisibility
 b - 3 potions of curing
 d - a potion of haste
 e - 4 potions of magic
 n - 2 potions of heal wounds
 o - 3 potions of brilliance
 p - 2 potions of resistance


   Skills:
 + Level 2.7 Fighting
 + Level 11.4 Dodging
 + Level 9.6 Stealth
 + Level 16.3 Unarmed Combat
 + Level 9.4 Spellcasting
 + Level 10.9 Transmutations
 + Level 4.9 Ice Magic
 + Level 3.1 Evocations


You had 16 spell levels left.
You knew the following spells:

 Your Spells              Type           Power      Damage    Failure   Level
a - Beastly Appendage     Tmut           80%        N/A       1%          1
b - Wereblood             Tmut           40%        N/A       1%          2
c - Spider Form           Tmut/Pois      11%        N/A       3%          3
d - Ice Form              Ice/Tmut       30%        N/A       4%          4

Your spell library contained the following spells:

 Spells                   Type           Power      Damage    Failure   Level


Dungeon Overview and Level Annotations

Branches:
Dungeon (1/1)

Altars:
Cheibriados
Dithmenos
Elyvilon
Fedhas
Gozag
Hepliaklqana
Kikubaaqudgha
Makhleb
Nemelex Xobeh
Okawaru
Qazlal
Ru
Sif Muna
Trog
Uskayaw
Vehumet
Wu Jian
Xom
Yredelemnul
Zin
The Shining One
Beogh
Jiyva
Lugonu

Annotations:
D Gastronok


Innate Abilities, Weirdness & Mutations

You are a creature of crystalline ice.
You have a powerful freezing melee attack.
You are amphibious.
Your maximum health is increased.
((You have sharp claws.))
((You have razor-sharp teeth.))
You have supernaturally acute eyesight. (SInv)
((You cover ground quickly. (Speed+)))
((You are covered in thick fur. (AC +2)))
((Your paws help you pounce on unaware monsters.))
You are incapable of wielding weapons or throwing items.
You cannot wear armour.
You gain extra lives every three experience levels.


Message History

You turn into a creature of crystalline ice.
Casting: Ice Form (dangerous; 4% risk of failure)
Confirm with . or Enter, or press ? or * to list all spells.
Your blood is infused with primal strength.
You open the door.
A hydra, a vampire mosquito, a boulder beetle, 2 orc knights and a centaur warrior come into view.
A manticore comes into view.
The orc knight shouts!
The six-headed hydra roars!
The orc knight roars a battlecry!
The orc knight goes into a battle-frenzy!
You hear a horrible gurgling sound!
The centaur warrior shouts!
There is an open door to the Dungeon here.
You barely miss the centaur warrior.
The vampire mosquito buzzes angrily.
The centaur warrior barely misses you. The centaur warrior closely misses you.
Unknown command.
You pummel the centaur warrior!! You freeze the centaur warrior!
The centaur warrior is heavily wounded.
The centaur warrior barely misses you. The centaur warrior closely misses you.
The orc knight roars a battlecry!
The orc knight goes into a battle-frenzy!
Unknown command.
You punch the centaur warrior! You freeze the centaur warrior.
The centaur warrior is severely wounded.
The centaur warrior barely misses you. x2
You punch the centaur warrior! You freeze the centaur warrior.
You kill the centaur warrior!
Makhleb accepts your kill.
You can now hurl Makhleb's greater destruction.
The boulder beetle waves its antennae.
The boulder beetle curls into a ball and begins rolling!
Your Unarmed Combat skill increases to level 16!
Your Evocations skill increases to level 3!
Welcome back to level 9!
Unknown command.
A cyan ugly thing comes into view.
The cyan ugly thing gurgles horribly!
The boulder beetle hits you!!!
Ouch! That really hurt!
You die...

▓▓▓▓▓▓▓▓▓▓▓▓▓▓▓▓▓▓▓▓▓▓▓▓
uHoDoyBY'=..?......[[[[[
▓▓▓▓▓▓▓▓▓▓▓▓▓▓▓▓▓▓▓▓▓▓▓▓
.................
▓▓▓▓▓▓▓▓▓▓▓▓▓▓▓▓▓
▓▓▓▓▓▓▓▓▓▓▓▓▓▓▓▓▓▓▓▓▓▓▓▓▓▓▓▓▓▓▓
................).....)†w......
▓▓▓▓▓▓▓▓▓▓▓▓▓▓▓▓▓▓▓▓▓▓▓▓▓▓▓▓▓▓▓


You could see a boulder beetle (rolling), a six-headed hydra, 2 orc knights, a
cyan ugly thing, a manticore and a vampire mosquito.

Vanquished Creatures
  Harold (D)
  Erolcha (D)
  4 centaur warriors (D)
  A death knight (D)
  A cyclops (D)
  A shadow (D)
  A wraith (D)
  A yak (D)
  An acid dragon (D)
  A sky beast (D)
  A centaur (D)
  A howler monkey (D)
  2 hounds (D)
  An iguana (D)
  A giant cockroach (D)
  A goblin (D)
  A kobold (D)
  A frilled lizard (D)
  A giant cockroach zombie (D)
  A rat (D)
24 creatures vanquished.

Notes
Turn   | Place    | Note
-------+----------+-------------------------------------------
     0 | D        | mhtbhm the Felid Transmuter began the quest for the Orb.
     0 | D        | Reached XP level 1. HP: 9/9 MP: 4/4
    39 | D        | Noticed an iguana
    39 | D        | Noticed a howler monkey
    39 | D        | Noticed a hound
    39 | D        | Noticed a hound
    39 | D        | Noticed a sky beast
    46 | D        | Killed a sky beast
    47 | D        | Reached skill level 6 in Unarmed Combat
    47 | D        | Reached XP level 2. HP: 4/12 MP: 3/7
    47 | D        | Reached XP level 3. HP: 5/15 MP: 3/9
    47 | D        | Reached XP level 4. HP: 7/19 MP: 3/10
    50 | D        | Reached skill level 5 in Dodging
    50 | D        | Reached skill level 7 in Unarmed Combat
    51 | D        | Reached skill level 8 in Unarmed Combat
    51 | D        | Reached XP level 5. HP: 8/22 MP: 3/12
    52 | D        | Reached skill level 5 in Transmutations
   275 | D        | Found a snail-covered altar of Cheibriados.
   275 | D        | Found a shadowy altar of Dithmenos.
   275 | D        | Found a white marble altar of Elyvilon.
   275 | D        | Found a blossoming altar of Fedhas.
   275 | D        | Found an opulent altar of Gozag.
   276 | D        | Found a hazy altar of Hepliaklqana.
   277 | D        | Found a viscous altar of Jiyva.
   278 | D        | Found an ancient bone altar of Kikubaaqudgha.
   279 | D        | Found a corrupted altar of Lugonu.
   280 | D        | Found a burning altar of Makhleb.
   281 | D        | Found a sparkling altar of Nemelex Xobeh.
   282 | D        | Found an iron altar of Okawaru.
   283 | D        | Found a stormy altar of Qazlal.
   284 | D        | Found a sacrificial altar of Ru.
   285 | D        | Found a shimmering blue altar of Sif Muna.
   286 | D        | Found a bloodstained altar of Trog.
   287 | D        | Found a hide-covered altar of Uskayaw.
   288 | D        | Found a radiant altar of Vehumet.
   289 | D        | Found an ornate altar of the Wu Jian Council.
   290 | D        | Found a shimmering altar of Xom.
   291 | D        | Found a basalt altar of Yredelemnul.
   292 | D        | Found a glowing silver altar of Zin.
   298 | D        | Became a worshipper of Makhleb the Destroyer
   304 | D        | Found a glowing golden altar of the Shining One.
   333 | D        | Learned a level 2 spell: Wereblood
   337 | D        | Learned a level 3 spell: Spider Form
   342 | D        | Learned a level 4 spell: Ice Form
   926 | D        | Noticed a wraith
   926 | D        | Noticed a shadow
   926 | D        | Noticed an acid dragon
   926 | D        | Noticed a yak
   926 | D        | Noticed a centaur
   932 | D        | Killed a centaur
   933 | D        | Reached skill level 9 in Unarmed Combat
   933 | D        | Reached skill level 5 in Spellcasting
   933 | D        | Gained mutation: You are covered in thick fur. (AC +2)
                  | [Felid growth]
   933 | D        | Reached XP level 6. HP: 25/25 MP: 8/14
   936 | D        | Killed a yak
   937 | D        | Reached skill level 10 in Unarmed Combat
   937 | D        | Reached skill level 1 in Ice Magic
   939 | D        | Reached * piety under Makhleb
   942 | D        | Killed an acid dragon
   943 | D        | Reached skill level 5 in Stealth
   943 | D        | Reached XP level 7. HP: 21/28 MP: 9/17
   946 | D        | Killed a shadow
   947 | D        | Reached skill level 11 in Unarmed Combat
   947 | D        | HP: 1/33 [wraith (5)]
   952 | D        | Killed a wraith
   952 | D        | Reached ** piety under Makhleb
  1007 | D        | Noticed a cyclops
  1007 | D        | Noticed a boulder beetle
  1007 | D        | Noticed a centaur warrior
  1007 | D        | Noticed a centaur warrior
  1007 | D        | Noticed a death knight
  1007 | D        | Noticed a centaur warrior
  1012 | D        | Killed a centaur warrior
  1013 | D        | Reached skill level 13 in Unarmed Combat
  1013 | D        | Reached XP level 8. HP: 32/32 MP: 13/20
  1022 | D        | Killed a death knight
  1023 | D        | Reached XP level 9. HP: 10/35 MP: 14/22
  1027 | D        | Killed a centaur warrior
  1028 | D        | Reached skill level 10 in Dodging
  1028 | D        | Reached skill level 14 in Unarmed Combat
  1031 | D        | Killed a centaur warrior
  1031 | D        | Reached *** piety under Makhleb
  1031 | D        | Killed a cyclops
  1032 | D        | Reached skill level 15 in Unarmed Combat
  1032 | D        | Reached skill level 10 in Transmutations
  1032 | D        | Reached skill level 1 in Evocations
  1166 | D        | Slain by a boulder beetle
  1167 | D        | Reached XP level 8. HP: 0/39 MP: 19/21
  1170 | D        | Noticed Erolcha
  1180 | D        | Killed Erolcha
  1181 | D        | Reached XP level 9. HP: 32/36 MP: 18/23
  1357 | D        | Noticed Harold
  1359 | D        | Noticed Gastronok
  1366 | D        | Killed Harold
  1374 | D        | HP: 1/44 [Gastronok (24)]
  1379 | D        | Mangled by Gastronok
  1380 | D        | Reached XP level 8. HP: -10/40 MP: 22/22
  1728 | D        | Noticed an orc knight
  1728 | D        | Noticed a six-headed hydra
  1728 | D        | Noticed an orc knight
  1728 | D        | Noticed a boulder beetle
  1728 | D        | Noticed a centaur warrior
  1729 | D        | Noticed a manticore
  1733 | D        | Killed a centaur warrior
  1733 | D        | Reached **** piety under Makhleb
  1734 | D        | Reached skill level 16 in Unarmed Combat
  1734 | D        | Reached XP level 9. HP: 37/37 MP: 17/23
  1734 | D        | Noticed a cyan ugly thing
  1734 | D        | Slain by a boulder beetle

Illustrated notes

Levels and vault maps discovered:
D:        linesprint [early_d, line_temple, items_1, d_10, items_2, lair_1,
          lair_end, items_3, orc_1, orc_end, items_4, d_15, swamp_1, shoals_1,
          snake_1, spider_1, d_20, vaults_1, items_5, swamp_end, shoals_end,
          snake_end, spider_end, vaults_end, d_27, items_6, zot_1, zot_end,
          crypt_end, forest_end, elf_end, slime_end, tomb_end, abyss_end,
          pan_hell_end]

Skill      XL: |  1  2  3  4  5  6  7  8  9 |
---------------+----------------------------+-----
Dodging        | 4 5 6 7 9 11 10 | 11.4
Stealth        | 2 3 5 7 9 |  9.6
Unarmed Combat | 6 8 9 10 13 16 15 | 16.3
Spellcasting   | 3 4 5 6 7 9 |  9.4
Transmutations | 4 5 6 8 9 10 | 10.9
Ice Magic      | 1 2 3 4 |  4.9
Evocations     | 3 1 |  3.1
Fighting       | 2 |  2.7

Action                   |  1- 3 |  4- 6 |  7- 9 || total
-------------------------+-------+-------+-------++-------
Melee: Unarmed           |    15 |    23 |    41 ||    79
       Headbutt          |     1 |     2 |       ||     3
 Cast: Beastly Appendage |     2 |       |       ||     2
       Ice Form          |       |     1 |     5 ||     6
       Wereblood         |       |     1 |     2 ||     3
Evoke: Wand              |       |       |     5 ||     5
  Use: Potion            |     1 |       |     5 ||     6
 Stab: Sleeping          |     1 |       |       ||     1
Armor: Skin              |       |     6 |    16 ||    22
Dodge: Dodged            |     8 |    12 |    21 ||    41

Table legend: (Time is in decaauts)
 A = Elapsed time spent in this place.
 B = Non-inter-level travel time spent in this place.
 C = Inter-level travel time spent in this place.
 D = Time resting spent in this place.
 E = Time spent auto-exploring this place.
 F = Levels seen in this place.
 G = Mean time per level.
                   A        B        C        D        E       F      G
               +--------+--------+--------+--------+--------+-----+--------+
         Total |   1696 |   1696 |      0 |   1412 |     40 |   1 | 1696.0 |
       Dungeon |   1696 |   1696 |      0 |   1412 |     40 |   1 | 1696.0 |
               +--------+--------+--------+--------+--------+-----+--------+

Top non-repeatable levels by time:
       D: 1696 daAuts
